 Dungeon Crawl Stone Soup version 0.16-a0-3308-g116f5c4 (webtiles) character file.

824 PolkaDot the Skirmisher (level 7, -7/84 HPs)
             Began as a Vampire Summoner on Dec 26, 2014.
             Was an Initiate of Sif Muna.
             Mangled by Pikel
             ... wielding a +0 whip of electrocution
              (20 damage)
             ... on level 5 of the Dungeon.
             The game lasted 00:16:37 (6120 turns).

PolkaDot the Skirmisher (Vampire Summoner)          Turns: 6120, Time: 00:16:37

Health: -7/84      AC: 23    Str:  7    XL:     7   Next: 64%
Magic:  10/12      EV:  2    Int: 19    God:    Sif Muna [......]
Gold:   173        SH:  0    Dex: 19    Spells: 4 memorised, 0 levels left

rFire  . . .     SeeInvis +     a - staff of wizardry
rCold  . . .     Clarity  .     y - melded +0 leather armour
rNeg   + + +     SustAb   .     (no shield)
rPois  +         Gourm    .     (helmet currently unavailable)
rElec  .         Spirit   .     (cloak currently unavailable)
rCorr  .         Warding  +     l - melded +0 pair of gloves
rMut   .         NoTele   +     (boots currently unavailable)
MR     .....                    i - amulet of warding
Stlth  ++++......               (no ring)
                                (no ring)

@: agile, tree-form, regenerating very quickly, not resistant to hostile
enchantments, stealthy
A: bottle blood, (fangs 0), (molten scales 0), see invisible, (unbreathing)
a: Renounce Religion


You were on level 5 of the Dungeon.
You worshipped Sif Muna.
Sif Muna was noncommittal.
You were almost alive.
You were a tree.
You visited 2 branches of the dungeon, and saw 6 of its levels.

You collected 173 gold pieces.

Inventory:

Hand weapons
 p - a +2 short sword of venom
 v - a +0 quarterstaff
Armour
 l - a +0 pair of gloves (melded)
 y - a +0 leather armour (melded)
Magical staves
 a - an uncursed staff of wizardry (weapon)
Jewellery
 d - an uncursed ring of teleportation
 i - an amulet of warding (around neck)
 z - an uncursed amulet of guardian spirit
Magical devices
 x - a wand of digging (13)
Scrolls
 c - a scroll of enchant weapon
 e - a scroll of immolation {unknown}
 g - a scroll of fear {unknown}
 h - 2 scrolls of teleportation
 k - 3 scrolls of remove curse
 q - a scroll of amnesia {unknown}
 t - 5 scrolls of identify {unknown}
Potions
 o - 8 potions of blood {@*1}
Books
 b - a book of Callings

   Spells                             Type                      Level
   a - Summon Small Mammal            Summoning                    1
   b - Call Imp                       Summoning                    2
   c - Call Canine Familiar           Summoning                    3
   d - Summon Guardian Golem          Hexes/Summoning              4
   e - Summon Lightning Spire         Summoning/Air                4
   f - Summon Ice Beast               Ice/Summoning                4


   Skills:
 - Level 5.1 Fighting
 - Level 4.2 Short Blades
 * Level 3.8 Staves
 - Level 2.1 Dodging
 - Level 3.0 Stealth
 - Level 2.0 Spellcasting
 + Level 4.0 Summonings
 + Level 0.0 Ice Magic


You couldn't memorise any spells.
You knew the following spells:

 Your Spells              Type           Power        Failure   Level  Hunger
d - Call Canine Familiar  Summ           ###.....     4%          3    ###....
i - Summon Ice Beast      Ice/Summ       #.......     41%         4    #####..
s - Call Imp              Summ           ###.....     2%          2    ###....
z - Summon Small Mammal   Summ           ###.         1%          1    #......


Dungeon Overview and Level Annotations

Branches:
Dungeon (5/15)             Temple (1/1) D:5

Altars:
Ashenzari
Cheibriados
Dithmenos
Elyvilon
Gozag
Makhleb
Nemelex Xobeh
Okawaru
Ru
Sif Muna
Vehumet
Xom
Zin

Shops:
D:5 %

Annotations:
D:5 Pikel


Innate Abilities, Weirdness & Mutations

Your natural rate of healing is extremely fast.
You can bottle blood from corpses.
((You have razor-sharp teeth.))
You have supernaturally acute eyesight.
((You can survive without breathing.))
((You are partially covered in molten scales (AC +1).))


Message History

Drink which item? (? for menu, Esc to quit)
Yummy - fresh blood!
Pikel hits you but does no damage. The slave hits you.
* * * LOW HITPOINT WARNING * * *
Your hound closely misses Pikel.
The slave hits you.
* * * LOW HITPOINT WARNING * * *
Drink which item? (? for menu, Esc to quit)
Yummy - fresh blood!
Your hound barely misses Pikel.
Pikel hits you but does no damage.
You are electrocuted!
* * * LOW HITPOINT WARNING * * *
The slave hits you but does no damage. x2
Your hound bites Pikel.
Drink which item? (? for menu, Esc to quit)
Yummy - fresh blood!
Pikel hits you but does no damage. The slave hits you but does no damage.
Your hound barely misses Pikel.
The slave hits you.
* * * LOW HITPOINT WARNING * * *
Drink which item? (? for menu, Esc to quit)
Yummy - fresh blood!
Your hound barely misses Pikel.
Pikel hits you but does no damage.
You are electrocuted!
You die...

... #..... #.....# #.....
#.... ##... ##### #+...
.....
.#####hKp################
......pp♣................
#########################


You could see Pikel, 3 slaves and a friendly hound.

Vanquished Creatures
  Eustachio (D:5)
  A centaur (D:5)
  A scorpion (D:4)
  A hound (D:4)
  An orc wizard (D:5)
  2 orc priests
  A worker ant (D:4)
  An iguana (D:4)
  Ijyb (D:3)
  Terence (D:2)
  9 adders
  3 gnolls (D:4)
  A giant mite (D:3)
  5 giant geckos
  An ooze (D:1)
  11 orcs
  9 bats
  2 goblins
  6 hobgoblins
  4 jackals (D:2)
  2 quokkas
  2 ball pythons
  8 giant newts
  7 kobolds
  14 rats
95 creatures vanquished.

Vanquished Creatures (collateral kills)
  An orc warrior (D:5)
  An ogre (D:4)
  An orc priest (D:5)
  An orc wizard (D:5)
  2 adders
  4 gnolls (D:4)
  3 orcs (D:5)
  3 hobgoblins (D:1)
  2 kobolds (D:1)
  2 bats (D:1)
20 creatures vanquished.

Vanquished Creatures (others)
  A hound (D:5)
  A shadow imp (D:4)
  2 white imps (D:5)
  A rat (D:1)
5 creatures vanquished.

Grand Total: 120 creatures vanquished

Notes
Turn   | Place    | Note
--------------------------------------------------------------
     0 | D:1      | PolkaDot, the Vampire Summoner, began the quest for the Orb.
     0 | D:1      | Reached XP level 1. HP: 13/13 MP: 3/3
   130 | D:1      | Reached skill level 1 in Fighting
   207 | D:1      | Reached XP level 2. HP: 18/21 MP: 0/4
   273 | D:1      | Reached skill level 1 in Short Blades
   585 | D:1      | Learned a level 2 spell: Call Imp
  1070 | D:1      | Reached XP level 3. HP: 27/27 MP: 6/6
  1079 | D:1      | Learned a level 3 spell: Call Canine Familiar
  1097 | D:2      | Noticed Terence
  1502 | D:2      | Killed Terence
  1516 | D:2      | Reached XP level 4. HP: 26/34 MP: 7/7
  2165 | D:3      | Reached XP level 5. HP: 38/41 MP: 9/9
  2358 | D:3      | Noticed Ijyb
  2374 | D:3      | Killed Ijyb
  3212 | D:4      | Noticed an ogre
  3428 | D:4      | Reached XP level 6. HP: 35/49 MP: 10/10
  3571 | D:4      | Found a burning altar of Makhleb.
  4179 | D:4      | Killed an ogre
  4221 | D:4      | Reached skill level 5 in Fighting
  4536 | D:4      | Reached skill level 1 in Staves
  5007 | D:5      | Entered Level 5 of the Dungeon
  5021 | D:5      | Found Prosemm's Food Shop.
  5042 | D:5      | Noticed Eustachio
  5053 | D:5      | Killed Eustachio
  5053 | D:5      | Reached XP level 7. HP: 30/56 MP: 2/12
  5227 | D:5      | Learned a level 4 spell: Summon Ice Beast
  5386 | D:5      | Gained mutation: You are partially covered in molten scales (AC +1). [potion of beneficial mutation]
  5818 | D:5      | Found a staircase to the Ecumenical Temple.
  5930 | Temple   | Entered the Ecumenical Temple
  6013 | Temple   | Became a worshipper of Sif Muna the Loreminder
  6106 | D:5      | Noticed Pikel
  6120 | D:5      | Mangled by Pikel

Action                   |  1- 3 |  4- 6 |  7- 9 || total
-------------------------+-------+-------+-------++-------
Melee: Short sword       |   137 |   147 |       ||   284
       Unarmed           |     4 |       |       ||     4
       Quarterstaff      |       |    34 |    17 ||    51
       Staff             |       |       |    69 ||    69
 Cast: Summon Small Mamm |    11 |       |       ||    11
       Call Imp          |     3 |     6 |     6 ||    15
       Call Canine Famil |       |     4 |     3 ||     7
  Use: Potion            |     3 |     5 |    23 ||    31
       Scroll            |       |     5 |     1 ||     6
 Stab: Sleeping          |     2 |     4 |       ||     6
       Distracted        |       |       |     1 ||     1
  Eat: Corpse            |     9 |       |       ||     9
